 Dungeon Crawl Stone Soup version 0.25-a0-403-g49d089a364 (webtiles) character file.

Game seed: 12670059807935500878, levelgen mode: deterministic

21 ChaosChampion the Magician (level 2, -3/19 HPs)
             Began as a Demonspawn Wizard on Jan 9, 2020.
             Slain by a worm (12 damage)
             ... on level 2 of the Dungeon.
             The game lasted 00:07:26 (965 turns).

ChaosChampion the Magician (Demonspawn Wizard)       Turns: 965, Time: 00:07:26

Health: -3/19      AC:  3    Str:  7    XL:     2   Next: 62%
Magic:  1/6        EV: 12    Int: 19    God:
Gold:   88         SH:  0    Dex: 11    Spells: 4/7 levels left

rFire    . . .     SeeInvis .   (no weapon)
rCold    . . .     Gourm    .   (no shield)
rNeg     . . .     Faith    .   a - +1 robe
rPois    .         Spirit   .   b - +0 hat
rElec    .         Reflect  .   (no cloak)
rCorr    .         Harm     .   (no gloves)
MR       .....     Rnd*Tele +   (no boots)
Stlth    ++........             (no amulet)
HPRegen  0.06/turn              h - ring of teleportation
MPRegen  0.10/turn              (no ring)

@: no status effects
A: rot immunity
a: no special abilities


You were on level 2 of the Dungeon.
You were not hungry.

You visited 1 branch of the dungeon, and saw 2 of its levels.

You collected 88 gold pieces.

Inventory:

Armour
 a - a +1 robe (worn)
 b - a +0 hat (worn)
Jewellery
 h - a ring of teleportation (left hand)
Scrolls
 g - a scroll of enchant armour
Potions
 c - a potion of resistance {unknown}
 e - 4 potions of curing {unknown}
 f - a potion of heal wounds {unknown}
 i - 3 potions of agility {unknown}
Comestibles
 d - 3 rations


   Skills:
 + Level 1.9 Dodging
 + Level 1.8 Stealth
 + Level 3.4 Spellcasting
 * Level 1.7 Conjurations
   Level 1.0 Summonings
 + Level 0.8 Translocations


You had 4 spell levels left.
You knew the following spells:

 Your Spells              Type           Power        Failure   Level  Hunger
a - Magic Dart            Conj           #...         7%          1    None
b - Blink                 Tloc           N/A          16%         2    ##.....

Your spell library contained the following spells:

 Spells                   Type           Power        Failure   Level  Hunger
 Call Imp                 Summ           #.......     14%         2    ##.....
 Slow                     Hex            #.......     22%         2    ##.....
 Conjure Flame            Conj/Fire      #.......     30%         3    ###....
 Mephitic Cloud           Conj/Pois/Air  #.......     34%         3    ###....


Dungeon Overview and Level Annotations

Branches:
Dungeon (2/15)

Altars:

Annotations:
D:2 Sigmund


Innate Abilities, Weirdness & Mutations

You are immune to rotting.


Message History

Unknown command.
The worm barely misses you. The bat closely misses you.
Found a bubbling red potion.
Sigmund the Dreaded comes into view.
He is wielding a +2 scythe of venom.
The bat misses you. The bat barely misses you. The bat closely misses you.
Press: ? - help, v - describe, . - travel The floor.
Sigmund shouts!
The bat hits you but does no damage. x2
Sigmund mumbles some strange words.
Sigmund flickers and vanishes!
Deactivating autopickup; reactivate with Ctrl-A.
The bat closely misses you.
A magic dart appears from out of thin air!
The magic dart hits you. The bat closely misses you. The worm bites you!
Ouch! That really hurt!
You die...

#####...{# #...#
#........# #...#
#...%....# ####...#
#........# #..†...#
#........# #...####
#.......# #......#
#.......# ##.....#
#.bw....# #.......
#..@....# #.......
#.....?.# #.......
#.......# #.......
#.......... ........
#######.......####.#
.%... .!... ....


You could see a worm and a bat.

Vanquished Creatures
  An ooze (D:1)
  2 leopard geckos
  A ball python (D:1)
  A bat (D:1)
  A giant cockroach (D:1)
  3 hobgoblins
  3 kobolds (D:1)
  A frilled lizard (D:1)
13 creatures vanquished.

Notes
Turn   | Place    | Note
-------+----------+-------------------------------------------
     0 | D:1      | ChaosChampion the Demonspawn Wizard began the quest for the
                  | Orb.
     0 | D:1      | Reached XP level 1. HP: 13/13 MP: 4/4
   354 | D:1      | Gained mutation: You are immune to rotting. [demonic
                  | ancestry]
   354 | D:1      | Reached XP level 2. HP: 19/19 MP: 3/6
   784 | D:1      | Learned a level 2 spell: Blink
   960 | D:2      | Noticed Sigmund
   965 | D:2      | Slain by a worm

Levels and vault maps discovered:
D:1:      dpeg_arrival_rooms_b, layout_basic, serial_curves, eino_curves_02,
          eino_curves_01
D:2:      layout_basic, uniq_sigmund

Action                   || total
-------------------------++-------
Melee: Unarmed           ||     7
 Cast: Magic Dart        ||    52
       Blink             ||     2
  Use: Scroll            ||     2
Armor: Robe              ||    19
Dodge: Dodged            ||    64

Table legend:
 A = Non-vault XP
 B = Vault XP
 C = Vault XP percentage of total XP
 D = Non-vault monster count
 E = Vault monster count
 F = Vault count percentage of total count
                 A         B        C        D         E       F
            +---------+---------+-------+---------+---------+-------
      Total |      30 |       0 |   0.0 |      13 |       0 |   0.0
            +---------+---------+-------+---------+---------+-------
        D:1 |      23 |       0 |   0.0 |      10 |       0 |   0.0
        D:2 |       7 |       0 |   0.0 |       3 |       0 |   0.0
            +---------+---------+-------+---------+---------+-------
